Map: Darkness Sanctuary LE

Players

InZaNe

  • Race: Terran Terran
  • League: Grandmaster
  • Spawn Location: 5:00

Zest - Winner!

  • Race: Protoss Protoss
  • League: Master
  • Spawn Location: 1:00

Event: HomeStory Cup XVII

VOD

Have the link to the VOD?

Description

Time

  • Played on: June 28, 2018, 12:26 p.m.
  • Length: 5:37

All games in this series

Show
View Real Time Build Order
Export as new Build Order

InZaNe Terran 

Build Orders: Reaper Expand 

Get SALT Encoding   

  12  0:00  SCV  
  13  0:13  SCV  
  14  0:17  Supply Depot  
  14  0:25  SCV  
  15  0:39  SCV  
  15  0:41  Barracks  
  16  0:44  Refinery  
  16  0:51  SCV  
  17  1:03  SCV  
  18  1:15  SCV  
  19  1:28  Orbital Command  
  19  1:29  Reaper  
  20  1:42  Command Center  
  20  1:53  SCV  
  21  2:00  Supply Depot  
  21  2:02  Barracks Reactor  
  21  2:06  SCV  
  22  2:24  SCV  
  23  2:36  Factory, SCV  
  23  2:40  Marine x2  
  25  2:48  SCV  
  26  2:55  Orbital Command  
  26  2:56  Command Center  
  26  2:59  Marine x2  
  27  3:15  SCV  
  27  3:17  Marine x2  
  27  3:19  Cyclone  
  32  3:23  Refinery  
  32  3:26  SCV  
  33  3:28  SCV  
  34  3:35  Marine x2  
  34  3:38  SCV  
  34  3:40  SCV  
  38  3:50  SCV  
  38  3:52  SCV  
  38  3:54  Marine x2  
  41  4:02  SCV  
  41  4:04  SCV  
  41  4:07  Widow Mine, Barracks  
  41  4:09  Barracks  
  44  4:10  Orbital Command  
  44  4:13  Marine  
  44  4:14  SCV  
  44  4:16  SCV  
  44  4:27  SCV  
  44  4:28  SCV  
  40  4:35  SCV  
  40  4:38  Marine x2, Factory Tech Lab  
  38  4:39  SCV  
  38  4:40  SCV  
  40  4:48  SCV  
  40  4:51  SCV  
  42  4:59  Marine x2  
  43  5:00  SCV x2  
  43  5:04  SCV  
  44  5:09  Marine  
  44  5:12  SCV x2  
  48  5:16  SCV  
  48  5:17  Marine  
  48  5:18  Starport, Factory Reactor  
  49  5:24  SCV x2  
  49  5:25  Barracks Reactor  
  49  5:28  Supply Depot  
  52  5:33  Engineering Bay  
Show
View Real Time Build Order
Export as new Build Order

Zest Protoss - Winner!

Build Orders: 1 Gate Expand, Oracle Opening 

Get SALT Encoding   

  12  0:00  Probe  
  13  0:13  Probe  
  14  0:17  Pylon  
  14  0:23  Probe  
  15  0:32  Probe  
  15  0:37  Gateway  
  15  0:40  Probe  
  16  0:45  Assimilator  
  17  0:51  Probe  
  18  1:03  Probe  
  19  1:15  Probe  
  20  1:21  Nexus  
  20  1:32  Cybernetics Core  
  20  1:35  Probe  
  21  1:40  Assimilator  
  21  1:47  Probe  
  21  1:51  Pylon  
  22  2:00  Adept, Probe  
  23  2:13  Probe, Stargate  
  26  2:19  Adept  
  26  2:21  Warp Gate  
  26  2:25  Probe  
  29  2:36  Probe  
  30  2:37  Probe  
  31  2:48  Oracle, Probe  
  31  2:50  Probe  
  31  2:51  Adept  
  38  3:00  Probe  
  38  3:02  Probe  
  40  3:12  Probe, Pylon  
  41  3:14  Probe  
  41  3:16  Oracle  
  42  3:24  Probe  
  46  3:30  Probe  
  47  3:36  Probe  
  48  3:42  Gateway, Pylon  
  48  3:43  Gateway, Probe  
  49  3:51  Oracle, Probe  
  53  4:04  Nexus  
  53  4:11  Probe x2  
  55  4:23  Oracle  
  53  4:25  Probe  
  52  4:34  Probe  
  54  4:40  Probe  
  54  4:42  Assimilator  
  54  4:43  Twilight Council  
  54  4:44  Forge  
  55  4:46  Assimilator, Probe  
  56  4:53  Probe  
  56  4:58  Probe  
  58  5:05  Probe  
  59  5:10  Probe  
  59  5:12  Pylon  
  60  5:17  Probe  
  60  5:20  Robotics Facility  
  61  5:23  Gateway  
  61  5:25  Gateway  
  61  5:26  Gateway  
  61  5:30  Gateway  
  61  5:31  Gateway  
Tags
 
Add a new tag
Caveats
  • Supply blocks, unpowered buildings, or Contaminate may cause inaccurate times.
  • Supply counts are checked every 10 seconds.